 Dungeon Crawl Stone Soup version 0.28-a0-1356-g2ad6d04315 (webtiles) character file.

Game seed: 16777505144602083895

325 rocketpapaya the Conjurer (level 6, -1/48 HPs)
             Began as a Deep Elf Conjurer on Dec 31, 2021.
             Succumbed to a scorpion's poison
             ... on level 4 of the Dungeon.
             The game lasted 00:09:19 (4507 turns).

rocketpapaya the Conjurer (Deep Elf Conjurer)       Turns: 4507, Time: 00:09:19

Health: -1/48      AC: 23    Str: 10    XL:     6   Next: 24%
Magic:  4/14       EV:  2    Int: 25    God:
Gold:   165        SH:  0    Dex: 13    Spells: 2/13 levels left

rFire   . . .      SeeInvis .   k - +0 hunting sling
rCold   . . .      Faith    .   (no shield)
rNeg    . . .      Spirit   .   (armour currently unavailable)
rPois   +          Reflect  .   (helmet currently unavailable)
rElec   .          Harm     .   (cloak currently unavailable)
rCorr   .          Rampage  .   (gloves currently unavailable)
Will    .....      NoTele   +   (boots currently unavailable)
Stlth   ++........              (no amulet)
HPRegen 0.16/turn               b - +6 ring of strength
MPRegen 0.14/turn               d - ring of flight

@: lethally poisoned (-1 -> -10), tree-form
A: stationary, stasis, torment immunity, boosted hp
a: no special abilities


You were on level 4 of the Dungeon.
You were a tree.
You visited 1 branch of the dungeon, and saw 4 of its levels.

You collected 165 gold pieces.

Inventory:

Hand Weapons
 f - a +1 short sword of venom
 k - a +0 hunting sling (weapon)
Missiles
 j - 5 atropa-tipped darts
 l - 138 stones (quivered ammo)
 n - 33 sling bullets
Armour
 a - a +0 robe (melded)
 e - an orb of light
 i - a +0 pair of boots (melded)
 q - a +2 kite shield
Jewellery
 b - a +6 ring of strength (left branch)
 d - a ring of flight (right branch)
 o - a ring of fire
Scrolls
 c - a scroll of holy word {unknown}
 p - a scroll of amnesia
Potions
 g - a potion of haste
 h - a potion of lignification


   Skills:
 - Level 2.4 Dodging
 - Level 2.4 Stealth
 - Level 4.0 Spellcasting
 - Level 6.1 Conjurations
 + Level 3.5 Hexes
 * Level 3.6 Translocations


You had 2 spell levels left.
You knew the following spells:

 Your Spells              Type           Power      Damage    Failure   Level
a - Magic Dart            Conj           100%       1d8       1%          1
b - Searing Ray           Conj           70%        2d7       1%          2
c - Fulminant Prism       Conj/Hex       14%        3d9       13%         4
d - Iskenderun's Mystic   Conj/Tloc      29%        2d7       12%         4

Your spell library contained the following spells:

 Spells                   Type           Power      Damage    Failure   Level
 Apportation              Tloc           46%        N/A       1%          1
 Corpse Rot               Necr/Air       10%        N/A       14%         2
 Poisonous Vapours        Pois/Air       10%        N/A       14%         2
 Dazzling Flash           Conj/Hex       58%        N/A       3%          3
 Alistair's Intoxication  Tmut/Pois      3%         N/A       94%         5


Dungeon Overview and Level Annotations

Branches:
Dungeon (4/15)
 Temple: D:4-7

Altars:
Kikubaaqudgha
Makhleb
Wu Jian
The Shining One

Shops:
D:4 (

Annotations:
D:4 exclusion: ogre


Message History

Aim: a scorpion (81% to hit)
The searing ray hits the scorpion but does no damage. (Press . to maintain the ray.)
The scorpion barely misses you.
The searing ray misses the scorpion.
The scorpion stings you. x2
The searing ray hits the scorpion.
The scorpion is moderately wounded.
The scorpion stings you.
You are poisoned.
The scorpion poisons you!
The searing ray hits the scorpion!
The scorpion is severely wounded.
You finish channelling your searing ray.
You feel very sick. The scorpion stings you.
Casting: Searing Ray (safe; 1% risk of failure)
Confirm with . or Enter, or press ? or * to list all spells.
Aiming: Searing Ray (safe; 1% risk of failure)
Press: ? - help, Shift-Dir - straight line, f/p - scorpion
Aim: a scorpion (severely wounded, 81% to hit)
The searing ray hits the scorpion.
The scorpion is severely wounded. (Press . to maintain the ray.)
You feel sick. The scorpion stings you.
* * * LOW HITPOINT WARNING * * *
You are lethally poisoned!
The scorpion poisons you!
The searing ray hits the scorpion!
You kill the scorpion!
* * * LOW HITPOINT WARNING * * *
You feel very sick.
It was a potion of lignification.
You turn into a tree.
Your +0 pair of boots melds into your body.
Your +0 robe melds into your body.
Your roots penetrate the ground.
* * * LOW HITPOINT WARNING * * *
You feel very sick.
It was a potion of flight.
Your roots keep you in place.
* * * LOW HITPOINT WARNING * * *
You feel very sick.
You die...

#. #. #.
#. #.
#.#####.##
#..†.....#
#.♣#######
#........#
#####
##.####.##
.)).+.>
#.#.##.#
#####..
#.#....#
......#
#.#.####
......###
#.#.#
........
..#.#
......#
###.#


There were no monsters in sight!

Vanquished Creatures
  A scorpion (D:4)
  The ghost of tonyyikes the Sneak, a weakling OpEn (D:3)
  A hound (D:4)
  An orc wizard (D:4)
  2 scorpion simulacra (D:3)
  2 hound skeletons
  4 adders
  A worm (D:2)
  3 dart slugs
  3 orcs (D:4)
  10 endoplasms
  5 giant cockroaches
  3 goblins (D:1)
  8 hobgoblins
  6 jackals
  11 kobolds
  A quokka (D:2)
  A ball python (D:3)
  3 bats
  6 frilled lizards
  A quokka simulacrum (D:3)
  4 rats
78 creatures vanquished.

Notes
Turn   | Place    | Note
-------+----------+-------------------------------------------
     0 | D:1      | rocketpapaya the Deep Elf Conjurer began the quest for the
                  | Orb.
     0 | D:1      | Reached XP level 1. HP: 10/10 MP: 6/6
   364 | D:1      | Reached XP level 2. HP: 15/15 MP: 2/9
   368 | D:1      | Learned a level 2 spell: Searing Ray
   443 | D:1      | Found a faded altar of an unknown god.
  1214 | D:1      | Reached skill level 5 in Conjurations
  1214 | D:1      | Reached XP level 3. HP: 19/19 MP: 8/10
  1958 | D:2      | Reached XP level 4. HP: 17/24 MP: 8/12
  1964 | D:2      | Learned a level 4 spell: Fulminant Prism
  1969 | D:2      | Learned a level 4 spell: Iskenderun's Mystic Blast
  2420 | D:3      | Found an ancient bone altar of Kikubaaqudgha.
  2614 | D:3      | Found a burning altar of Makhleb.
  2614 | D:3      | Noticed a blizzard demon
  2657 | D:3      | Reached skill level 1 in Translocations
  2816 | D:3      | Found a runed translucent gate.
  2816 | D:3      | Found a runed translucent gate.
  2816 | D:3      | Found a runed translucent gate.
  2845 | D:3      | Noticed tonyyikes's ghost (weakling OpEn)
  2861 | D:3      | Reached skill level 1 in Hexes
  3476 | D:3      | Reached skill level 6 in Conjurations
  3477 | D:3      | Killed tonyyikes's ghost
  3478 | D:3      | Reached XP level 5. HP: 13/28 MP: 5/13
  4108 | D:4      | Found Haiziamy's Antique Weapon Boutique.
  4276 | D:4      | Noticed an ogre
  4280 | D:4      | Found a glowing golden altar of the Shining One.
  4378 | D:4      | Reached XP level 6. HP: 32/32 MP: 8/14
  4433 | D:4      | Found an ornate altar of the Wu Jian Council.
  4506 | D:4      | HP: 1/48 [poisoned by a scorpion]
  4507 | D:4      | Succumbed to a scorpion's poison

Illustrated notes

Levels and vault maps discovered:
D:1:      eino_arrival_cavern_e, layout_loops_ring, serial_forest,
          infiniplex_forest_straight_2, infiniplex_forest_end_double,
          infiniplex_forest_clump_C, infiniplex_forest_zigzag_1,
          infiniplex_forest_clump_diagonal, infiniplex_forest_end_1,
          infiniplex_forest_corner_2, infiniplex_forest_straight_2,
          infiniplex_forest_zigzag_1, nicolae_ecumenical_lake_church
D:2:      layout_loops_ring
D:3:      layout_loops_ring, mainiacjoe_overflow_24_doors,
          makhleb_altar_promises_db, gammafunk_ghost_icy
D:4:      layout_basic, tso_oasis_becter, nzn_wu_jian_contemplation,
          serial_shops, shop_statue

Skill      XL: |  1  2  3  4  5 |
---------------+----------------+-----
Spellcasting   | 4 |  4.0
Conjurations   | 5 6 |  6.1
Translocations | 2 3 |  3.6
Hexes          | 1 3 |  3.5
Dodging        | |  2.4
Stealth        | |  2.4

Action                   |  1- 3 |  4- 6 || total
-------------------------+-------+-------++-------
Melee: Short sword       |    10 |     5 ||    15
 Fire: Hunting sling     |       |     5 ||     5
 Cast: Magic Dart        |    71 |    43 ||   114
       Searing Ray       |     2 |    12 ||    14
  Use: Scroll            |     1 |     2 ||     3
       Potion            |       |     2 ||     2
 Stab: Sleeping          |       |     1 ||     1
Armor: Robe              |     2 |     6 ||     8
Dodge: Dodged            |    15 |    10 ||    25

Table legend: (Time is in decaauts)
 A = Elapsed time spent in this place.
 B = Non-inter-level travel time spent in this place.
 C = Inter-level travel time spent in this place.
 D = Time resting spent in this place.
 E = Time spent auto-exploring this place.
 F = Levels seen in this place.
 G = Mean time per level.
                   A        B        C        D        E       F      G
               +--------+--------+--------+--------+--------+-----+--------+
         Total |   4507 |   4409 |     98 |    608 |   3394 |   4 | 1126.8 |
       Dungeon |   4507 |   4409 |     98 |    608 |   3394 |   4 | 1126.8 |
               +--------+--------+--------+--------+--------+-----+--------+

Top non-repeatable levels by time:
     D:3: 1508 daAuts
     D:1: 1360 daAuts
     D:2: 941 daAuts
     D:4: 697 daAuts
